cohdb
Replays
Latest Replays
All Replays
Popular Replays
Top Player Replays
Match Explorer
How It Works
Community
CoH3 Stats
Reddit
Sign in to upload your games and track your stats! →
Sign in with Steam
Match 43632488
Unlisted
Match 43632488
Overview
Messages
Build Orders
End
Kettenkrad Recon Vehicle
Construct Infanterie Kompanie
Selects Terror Battlegroup
Selects Machine Gun Camouflage
MG 42 Machine Gun Team
GrW 34 Mortar Team
Medical Station
Grenadier Squad
Construct Luftwaffe Kompanie
Jäger Squad
Forward Retreat Point
Support Elements
Wirbelwind Flakpanzer
Selects Defend the Fatherland
Selects Defend the Fatherland
Jäger Squad
Marder III M Tank Destroyer
Marder III M Tank Destroyer
Luftwaffe Officer Quarters
Medical Bunker
Repair Bunker
Side Skirts
MG 42 Bunker
MG 42 Bunker
Construct Panzergrenadier Kompanie
MG 42 Bunker
Nebelwerfer 42 Rocket Launcher Team
Wirbelwind Flakpanzer
Selects King Tiger Heavy Tank
MG 42 Bunker
Selects King Tiger Heavy Tank
King Tiger Heavy Tank
Repair Bunker
Rensesus
aswe1216
Twankies
ionwood
Bia Bia Bia
皮蛋瘦肉粥
Minipax
.k boy
0
0
Comments
sign in to comment!
No comments posted yet!